AoeStats
← Durriii

Arabia

505282106Analyzed
1v1 RM · 22d ago on Sep 8, 2026· 48m 14s· 2 players
Game mode
Random Map
Map size
Tiny (2 player)
Population
200
Speed
Normal
Resources
Standard
Victory
Conquest
Starting age
Dark Age
Ending age
Imperial Age
RankedLock teamsTeams togetherTeam positionsShared explorationLock speedFull tech treeHidden civsTurbo modeCheats
Victory
Defeat
🇸🇰 Huns · Slovakia
879
+18
🇨🇴 Persians · Colombia
915
-18
Durriii
9:59 Feudal Age
10:59 Double-Bit Axe
10:59 Horse Collar
15:06 Forging
15:17 Loom
16:17 Bloodlines
22:11 Castle Age
21:16 Fletching
22:01 Padded Archer Armor
23:13 Bow Saw
23:06 Bodkin Arrow
24:08 Husbandry
24:25 Leather Archer Armor
24:52 Heavy Plow
26:28 Ballistics
28:27 Wheelbarrow
33:51 Imperial Age
31:57 Stone Mining
32:00 Gold Mining
33:25 Hand Cart
33:37 Hand Cart
33:09 Town Watch
34:48 Town Patrol
34:41 Heavy Cavalry Archer
35:51 Parthian Tactics
35:33 Thumb Ring
36:24 Bracer
38:09 Chemistry
39:59 Conscription
40:08 Marauders
42:07 Elite Tarkan
44:29 Scale Barding Armor
49:09 Chain Barding Armor
PAN71226
6:44 Loom
9:23 Feudal Age
9:48 Double-Bit Axe
9:57 Town Watch
24:25 Castle Age
23:31 Bloodlines
23:37 Forging
24:21 Scale Barding Armor
25:06 Husbandry
25:25 Pikeman
28:19 Bow Saw
28:40 Fletching
28:32 Elite Skirmisher
30:13 Bodkin Arrow
32:05 Padded Archer Armor
33:51 Chain Barding Armor
33:30 Gold Mining
35:09 Iron Casting
36:38 Wheelbarrow
38:11 Fervor
40:01 Ballistics
42:10 Gold Shaft Mining
44:16 Imperial Age
42:07 Thumb Ring
42:58 Leather Archer Armor
43:31 Light Cavalry
45:57 Chemistry
Connection lost

Rejoining the realm…

Still unreachable

The connection could not be restored.

Session expired

The server has moved on; the page needs a fresh start.